 Dungeon Crawl Stone Soup version 0.29.0-4-gdea44cf6ec (webtiles) character file.

Game seed: 4883846072276533205

11317 qw the Cleaver (level 11, -6/64 HPs)
             Began as a Tengu Warper on Aug 28, 2022.
             Was a High Priest of Okawaru.
             Killed from afar by an electric eel (7 damage)
             ... with a bolt of electricity
             ... on level 2 of the Lair of Beasts.
             The game lasted 00:01:25 (12661 turns).

qw the Cleaver (Tengu Warper)                      Turns: 12661, Time: 00:01:26

Health: -6/64      AC: 30    Str: 22    XL:     11   Next: 75%
Magic:  16/17      EV: 13    Int: 13    God:    Okawaru [*****.]
Gold:   566        SH:  6    Dex: 14    Spells: 14/14 levels left

rFire   . . .      SeeInvis .   Y - +0 broad axe (protect)
rCold   . . .      Faith    .   r - +0 buckler
rNeg    . . .      Spirit   .   c - +0 plate armour
rPois   .          Reflect  .   n - +2 hat
rElec   .          Harm     .   o - +0 cloak
rCorr   .          Rampage  .   q - +0 pair of gloves
Will    .....                   (boots unavailable)
Stlth   ..........              (no amulet)
HPRegen 0.20/turn               e - +6 ring of strength
MPRegen 0.15/turn               f - +4 ring of protection

@: about to teleport, heroic, under a protective aura, flying quickly and
evasively, quick
A: beak, talons 3, nimble flight
a: Renounce Religion, Heroism, Finesse, Duel


You were on level 2 of the Lair of Beasts.
You worshipped Okawaru.
Okawaru was extremely pleased with you.
You visited 3 branches of the dungeon, and saw 12 of its levels.

You collected 599 gold pieces.
You spent 33 gold pieces at shops.


Innate Abilities, Weirdness & Mutations

You have a beak for a mouth.
You have claws for feet.
Your magical nature lets you fly swiftly and evasively.


   Skills:
 - Level 6.3(11.3) Fighting
 - Level 13.6(18.6) Axes
 - Level 2.0(7.0) Throwing
 + Level 5.2(10.2) Armour
 - Level 6.3(11.3) Dodging
 - Level 4.2(9.2) Shields
 - Level 2.0 Spellcasting
 - Level 2.4 Translocations
 + Level 7.6 Invocations


You had 14 spell levels left.
You didn't know any spells.
Your spell library contained the following spells:

 Spells                   Type           Power      Damage    Failure   Level
 Blink                    Tloc           14%        N/A       94%         2
 Gell's Gravitas          Tloc           7%         N/A       99%         3
 Lesser Beckoning         Tloc           7%         N/A       99%         3
 Teleport Other           Tloc           7%         N/A       99%         3
 Manifold Assault         Tloc           7%         N/A       100%        5

Inventory:

Hand Weapons
 k - a +0 hand axe of flaming
 Y - a +0 broad axe of protection (weapon)
Missiles
 m - a boomerang (quivered)
Armour
 c - a +0 plate armour (worn)
 n - a +2 hat (worn)
 o - a +0 cloak (worn)
 q - a +0 pair of gloves (worn)
 r - a +0 buckler (worn)
Jewellery
 d - a ring of protection from fire
 e - a +6 ring of strength (left hand)
 f - a +4 ring of protection (right hand)
 g - a ring of resist corrosion
Scrolls
 a - 2 scrolls of identify
 v - a scroll of enchant weapon {unknown}
Potions
 b - a potion of resistance
 h - 5 potions of haste
 i - 9 potions of curing
 l - a potion of mutation
 p - a potion of lignification {unknown}
 s - a potion of magic
 t - a potion of might

Dungeon Overview and Level Annotations

Branches:
Dungeon (9/15)             Temple (1/1) D:4            Lair (2/5) D:9
  Swamp (0/4) Lair:2
  Snake: Lair:2-3    Spider: Lair:2-3       Orc: D:9-12

Altars:
Ashenzari
Cheibriados
Dithmenos
Elyvilon
Fedhas
Gozag
Hepliaklqana
Kikubaaqudgha
Makhleb
Nemelex Xobeh
Okawaru
Qazlal
Ru
Sif Muna
Trog
Uskayaw
Vehumet
Wu Jian
Xom
Yredelemnul
Zin
The Shining One

Shops:
D:2 (   D:7 *

Annotations:
D:6 1 runed translucent door, Crazy Yiuf
D:8 1 runed translucent door, qw's ghost, novice TeWr
Lair:2 3 runed translucent doors, qw's ghost, journeyman TeWr


Message History

You hear a loud, deep croak!
The electric eel shoots out a bolt of lightning at you!
The bolt of electricity hits you but does no damage.
The electric eel shoots out a bolt of lightning at you!
The bolt of electricity hits you!
A bullfrog comes into view.
The electric eel shoots out a bolt of lightning at you!
The bolt of electricity hits you!
The electric eel shoots out a bolt of lightning at you!
The bolt of electricity hits the electric eel.
The electric eel completely resists.
The bolt of electricity misses you. The bolt of electricity hits you!
The electric eel shoots out a bolt of lightning at you!
The bolt of electricity hits you!
12657 ||| READING scroll of teleportation.
As you read the scroll of teleportation, it crumbles to dust.
You feel strangely unstable.
The bullfrog hits you but does no damage.
You closely miss the bullfrog. You peck the bullfrog.
The bullfrog is lightly wounded.
You block the bullfrog's attack.
You hit the bullfrog.
Your weapon exudes an aura of protection.
Your peck misses the bullfrog.
The bullfrog is moderately wounded.
The bullfrog closely misses you.
The electric eel shoots out a bolt of lightning at you!
The bolt of electricity hits you!
You closely miss the bullfrog. Your kick misses the bullfrog.
The bullfrog is moderately wounded.
The bullfrog hits you but does no damage.
You slice the bullfrog!!
You kill the bullfrog!
Okawaru accepts your kill.
The electric eel shoots out a bolt of lightning at you!
The bolt of electricity misses you. The bolt of electricity hits you.
The electric eel shoots out a bolt of lightning at you!
The bolt of electricity hits the electric eel.
The electric eel completely resists.
The bolt of electricity hits you!
You die...

#.......P...##.####.#..
#.#....................
##.#.........)..........
#........#........>.....
##....#......#....###..#
##..........#...........
#[..........#...........
##..#..#................
#..#.#@....P...........
#....#..................
#P..#...SS~.............
##[....SS¤¤%........P...
#...¤.¤~¤¤¤¤......###P..
##....¤¤¤¤¤¤............
#....¤¤~~¤¤......#..#..
......¤.¤..............
#.........P........


You could see 4 electric eels.

Vanquished Creatures
  A hydra (Lair:1)
  Fannar (Lair:2)
  Pikel (D:5)
  An elephant (D:9)
  2 black mambas (Lair:1)
  Joseph (D:7)
  3 cane toads
  Maggie (D:6)
  2 komodo dragons (Lair:1)
  A troll (D:9)
  Grinder (D:5)
  A queen bee (Lair:1)
  Prince Ribbit (D:5)
  A wyvern (D:9)
  3 basilisks
  A swamp worm (D:9)
  Duvessa (D:6)
  3 water moccasins
  An orc warrior (D:6)
  2 black bears
  3 ice beasts
  An ogre (D:6)
  A sky beast (D:6)
  8 wolves (Lair:1)
  2 centaurs
  4 lemures (D:5)
  2 kobold brigands
  Blork the orc (D:6)
  2 bullfrogs
  A necrophage (D:3)
  2 scorpions
  Dowan (D:6)
  34 killer bees
  A howler monkey (D:9)
  3 electric eels
  5 hounds
  2 gnoll boudas
  2 jellies (D:5)
  4 orc priests
  6 iguanas
  11 orc wizards
  17 gnolls
  11 adders
  3 white imps
  3 ufetubi
  3 worms
  5 dart slugs
  37 orcs
  8 bats
  4 endoplasms
  5 giant cockroaches
  3 goblins
  13 hobgoblins
  5 jackals (D:3)
  20 kobolds
  5 quokkas
  8 ball pythons
  3 frilled lizards
  9 rats
287 creatures vanquished.

Vanquished Creatures (others)
  A fungus (Lair:2)
  9 plants
10 creatures vanquished.

Grand Total: 297 creatures vanquished

Notes
Turn   | Place    | Note
-------+----------+-------------------------------------------
     0 | D:1      | qw the Tengu Warper began the quest for the Orb.
     0 | D:1      | Reached XP level 1. HP: 12/12 MP: 4/4
     0 | D:1      | 0 ||| qw: Version: 0.1-a-89-g26bdef1
     0 | D:1      | 0 ||| qw: Game counter: 881
     0 | D:1      | 0 ||| qw: Always use a shield: true
     0 | D:1      | 0 ||| qw: God list: Okawaru
     0 | D:1      | 0 ||| qw: Allow faded altars: false
     0 | D:1      | 0 ||| qw: Do Orc after D:15 true
     0 | D:1      | 0 ||| qw: Do second Lair branch before Depths: true
     0 | D:1      | 0 ||| qw: Lair rune preference: random
     0 | D:1      | 0 ||| qw: Plans: Normal
     0 | D:1      | 0 ||| PLANNING D:1-11
   204 | D:1      | 204 ||| Stepping ~*~*~tactically~*~*~ (stealth).
   210 | D:1      | 210 ||| Stepping ~*~*~tactically~*~*~ (stealth).
   221 | D:1      | Reached XP level 2. HP: 14/17 MP: 6/6
   289 | D:1      | Reached skill level 3 in Axes
   542 | D:1      | 542 ||| DROPPING +0 club.
   854 | D:1      | Reached XP level 3. HP: 21/21 MP: 7/7
   856 | D:1      | Found a faded altar of an unknown god.
  1070 | D:1      | 1070 ||| UPGRADING to +6 ring of strength.
  1071 | D:1      | 1071 ||| UPGRADING to +4 ring of protection.
  1072 | D:1      | 1072 ||| READING 2 scrolls labelled GYSOYP DIXTIPO.
  1073 | D:1      | 1073 ||| READING scroll labelled LILUTH UPSETZ.
  1074 | D:1      | 1074 ||| READING scroll labelled OXAMEINUSY.
  1075 | D:1      | 1075 ||| READING scroll labelled CYRIMNEYFA.
  1079 | D:1      | 1079 ||| DROPPING scroll of blinking.
  1141 | D:2      | 1141 ||| Stepping ~*~*~tactically~*~*~ (hiding).
  1148 | D:2      | Reached skill level 4 in Axes
  1265 | D:2      | 1265 ||| Stepping ~*~*~tactically~*~*~ (hiding).
  1298 | D:2      | 1298 ||| Stepping ~*~*~tactically~*~*~ (hiding).
  1300 | D:2      | 1300 ||| Stepping ~*~*~tactically~*~*~ (hiding).
  1308 | D:2      | 1308 ||| Stepping ~*~*~tactically~*~*~ (hiding).
  1410 | D:2      | 1410 ||| SWAPPING to +0 hand axe of flaming.
  1411 | D:2      | 1411 ||| DROPPING +2 vorpal mace.
  1412 | D:2      | 1412 ||| DROPPING +0 hand axe of venom.
  1485 | D:2      | Found Woara's Antique Weapon Shop.
  1606 | D:2      | Reached XP level 4. HP: 26/26 MP: 8/8
  1994 | D:2      | Reached skill level 5 in Axes
  1998 | D:2      | 1998 ||| UPGRADING to +0 ring mail.
  2008 | D:2      | 2008 ||| DROPPING +0 leather armour.
  2009 | D:2      | 2009 ||| UPGRADING to +2 hat.
  2014 | D:2      | 2014 ||| DROPPING ring of protection from cold.
  2015 | D:2      | 2015 ||| DROPPING ring of magical power.
  2016 | D:2      | 2016 ||| READING scroll labelled QERYTU JIATE.
  2017 | D:2      | 2017 ||| READING scroll labelled FOSTRU YLUQAS.
  2018 | D:2      | 2018 ||| READING scroll labelled EFUOTEARRA.
  2019 | D:2      | 2019 ||| READING scroll of teleportation.
  2222 | D:3      | Gained mutation: Your magical nature lets you fly swiftly
                  | and evasively. [Tengu growth]
  2222 | D:3      | Reached XP level 5. HP: 30/30 MP: 9/9
  2417 | D:3      | 2417 ||| Stepping ~*~*~tactically~*~*~ (stealth).
  2418 | D:3      | 2418 ||| Stepping ~*~*~tactically~*~*~ (stealth).
  2439 | D:3      | 2439 ||| Stepping ~*~*~tactically~*~*~ (stealth).
  2527 | D:3      | Reached skill level 6 in Axes
  2546 | D:3      | Reached XP level 6. HP: 35/35 MP: 10/10
  2579 | D:3      | Reached skill level 7 in Axes
  2932 | D:3      | 2932 ||| UPGRADING to +0 scale mail.
  2942 | D:3      | 2942 ||| DROPPING +0 ring mail.
  2943 | D:3      | 2943 ||| READING 3 scrolls labelled XUAGA LOOPI.
  2944 | D:3      | 2944 ||| READING 3 scrolls of identify.
  2944 | D:3      | 2944 ||| IDENTIFYING coppery potion
  2945 | D:3      | 2945 ||| READING 2 scrolls of identify.
  2945 | D:3      | 2945 ||| IDENTIFYING emerald potion
  2946 | D:3      | 2946 ||| DROPPING 2 scrolls of amnesia.
  2947 | D:3      | 2947 ||| DROPPING potion of flight.
  3069 | D:4      | 3069 ||| SWAPPING to +0 war axe.
  3223 | D:4      | 3223 ||| Stepping ~*~*~tactically~*~*~ (hiding).
  3409 | D:4      | Reached skill level 3 in Fighting
  3429 | D:4      | 3429 ||| Stepping ~*~*~tactically~*~*~ (hiding).
  3430 | D:4      | 3430 ||| Stepping ~*~*~tactically~*~*~ (hiding).
  3503 | D:4      | 3503 ||| Stepping ~*~*~tactically~*~*~ (stealth).
  3533 | D:4      | Found a staircase to the Ecumenical Temple.
  3534 | D:4      | 3534 ||| PLANNING TEMPLE
  3534 | D:4      | 3534 ||| UPGRADING to +0 chain mail.
  3544 | D:4      | 3544 ||| DROPPING +0 scale mail.
  3553 | Temple   | Entered the Ecumenical Temple
  3780 | Temple   | Became a worshipper of Warmaster Okawaru
  3930 | Temple   | 3930 ||| PLANNING D:1-11
  4170 | D:4      | Reached XP level 7. HP: 41/41 MP: 11/11
  4212 | D:4      | 4212 ||| Stepping ~*~*~tactically~*~*~ (hiding).
  4213 | D:4      | 4213 ||| Stepping ~*~*~tactically~*~*~ (hiding).
  4326 | D:4      | 4326 ||| DROPPING +6 ring of intelligence.
  4327 | D:4      | 4327 ||| READING scroll labelled PAEGGU BOGITS.
  4358 | D:5      | Entered Level 5 of the Dungeon
  4602 | D:5      | Noticed Pikel
  4632 | D:5      | Killed Pikel
  4632 | D:5      | Reached * piety under Okawaru
  4633 | D:5      | Reached skill level 9 in Axes
  4633 | D:5      | Reached XP level 8. HP: 19/46 MP: 12/12
  4633 | D:5      | 4633 ||| INVOKING Heroism.
  4842 | D:5      | 4842 ||| Stepping ~*~*~tactically~*~*~ (stealth).
  4844 | D:5      | 4844 ||| Stepping ~*~*~tactically~*~*~ (stealth).
  4846 | D:5      | 4846 ||| Stepping ~*~*~tactically~*~*~ (hiding).
  4856 | D:5      | Reached skill level 1 in Invocations
  4857 | D:5      | 4857 ||| Stepping ~*~*~tactically~*~*~ (hiding).
  4861 | D:5      | 4861 ||| INVOKING Heroism.
  4870 | D:5      | 4870 ||| Stepping ~*~*~tactically~*~*~ (stealth).
  4892 | D:5      | Noticed Grinder
  4893 | D:5      | 4893 ||| Stepping ~*~*~tactically~*~*~ (stealth).
  4902 | D:5      | 4902 ||| Stepping ~*~*~tactically~*~*~ (stealth).
  4905 | D:5      | 4905 ||| Stepping ~*~*~tactically~*~*~ (stealth).
  4907 | D:5      | 4907 ||| Stepping ~*~*~tactically~*~*~ (stealth).
  4908 | D:5      | 4908 ||| INVOKING Heroism.
  4909 | D:5      | 4909 ||| INVOKING Heroism.
  4922 | D:5      | Killed Grinder
  4922 | D:5      | Reached ** piety under Okawaru
  4972 | D:5      | 4972 ||| FLEEEEING.
  4973 | D:5      | 4973 ||| FLEEEEING.
  4974 | D:5      | 4974 ||| FLEEEEING.
  4975 | D:5      | 4975 ||| FLEEEEING.
  4980 | D:5      | 4980 ||| FLEEEEING.
  4981 | D:5      | 4981 ||| FLEEEEING.
  4982 | D:5      | 4982 ||| FLEEEEING.
  4983 | D:5      | 4983 ||| FLEEEEING.
  4984 | D:5      | 4984 ||| FLEEEEING.
  4985 | D:5      | 4985 ||| FLEEEEING.
  4986 | D:5      | 4986 ||| FLEEEEING.
  4987 | D:5      | 4987 ||| FLEEEEING.
  4988 | D:5      | 4988 ||| FLEEEEING.
  4989 | D:5      | 4989 ||| FLEEEEING.
  4990 | D:5      | 4990 ||| FLEEEEING.
  5001 | D:5      | 5001 ||| FLEEEEING.
  5002 | D:5      | 5002 ||| FLEEEEING.
  5014 | D:5      | 5014 ||| FLEEEEING.
  5016 | D:5      | 5016 ||| FLEEEEING.
  5017 | D:5      | 5017 ||| FLEEEEING.
  5018 | D:5      | 5018 ||| FLEEEEING.
  5019 | D:5      | 5019 ||| FLEEEEING.
  5020 | D:5      | 5020 ||| FLEEEEING.
  5021 | D:5      | 5021 ||| FLEEEEING.
  5022 | D:5      | 5022 ||| FLEEEEING.
  5023 | D:5      | 5023 ||| FLEEEEING.
  5024 | D:5      | 5024 ||| FLEEEEING.
  5033 | D:5      | 5033 ||| STAIRDANCE
  5065 | D:4      | 5065 ||| READING 3 scrolls of identify.
  5065 | D:4      | 5065 ||| IDENTIFYING yellow potion
  5066 | D:4      | 5066 ||| READING 2 scrolls of identify.
  5066 | D:4      | 5066 ||| IDENTIFYING white potion
  5069 | D:5      | 5069 ||| INVOKING Heroism.
  5212 | D:5      | 5212 ||| Stepping ~*~*~tactically~*~*~ (hiding).
  5219 | D:5      | 5219 ||| INVOKING Heroism.
  5410 | D:5      | Found a broken altar of Ashenzari.
  5419 | D:5      | Noticed Prince Ribbit
  5420 | D:5      | 5420 ||| INVOKING Heroism.
  5426 | D:5      | Killed Prince Ribbit
  5427 | D:5      | Reached skill level 3 in Armour
  5427 | D:5      | Reached skill level 3 in Invocations
  5839 | D:5      | 5839 ||| INVOKING Heroism.
  5844 | D:5      | Reached XP level 9. HP: 51/52 MP: 10/13
  5915 | D:5      | Reached skill level 3 in Dodging
  5983 | D:5      | 5983 ||| READING scroll labelled HISIHINUCK.
  6056 | D:6      | 6056 ||| INVOKING Heroism.
  6079 | D:6      | Reached skill level 10 in Axes
  6203 | D:6      | Noticed Blork the orc
  6204 | D:6      | 6204 ||| Stepping ~*~*~tactically~*~*~ (hiding).
  6205 | D:6      | 6205 ||| INVOKING Heroism.
  6209 | D:6      | Killed Blork the orc
  6219 | D:6      | 6219 ||| Stepping ~*~*~tactically~*~*~ (stealth).
  6223 | D:6      | 6223 ||| Stepping ~*~*~tactically~*~*~ (stealth).
  6225 | D:6      | 6225 ||| Stepping ~*~*~tactically~*~*~ (hiding).
  6229 | D:6      | Noticed Duvessa
  6231 | D:6      | 6231 ||| INVOKING Heroism.
  6231 | D:6      | Noticed Dowan
  6244 | D:6      | Killed Duvessa
  6246 | D:6      | Killed Dowan
  6470 | D:6      | Found a runed translucent door.
  6471 | D:6      | Noticed Crazy Yiuf
  6481 | D:6      | Noticed Maggie
  6482 | D:6      | 6482 ||| Stepping ~*~*~tactically~*~*~ (hiding).
  6491 | D:6      | 6491 ||| INVOKING Heroism.
  6498 | D:6      | Killed Maggie
  6499 | D:6      | Reached skill level 11 in Axes
  6542 | D:6      | 6542 ||| Stepping ~*~*~tactically~*~*~ (stealth).
  6543 | D:6      | 6543 ||| Stepping ~*~*~tactically~*~*~ (hiding).
  6616 | D:6      | 6616 ||| SWAPPING to +2 vorpal war axe.
  6617 | D:6      | 6617 ||| DROPPING +0 war axe.
  6672 | D:6      | 6672 ||| INVOKING Heroism.
  6819 | D:6      | Reached *** piety under Okawaru
  7016 | D:6      | 7016 ||| INVOKING Heroism.
  7120 | D:6      | 7120 ||| READING 2 scrolls of identify.
  7120 | D:6      | 7120 ||| IDENTIFYING inky potion
  7216 | D:7      | 7216 ||| Stepping ~*~*~tactically~*~*~ (stealth).
  7218 | D:7      | 7218 ||| INVOKING Heroism.
  7227 | D:7      | Reached skill level 12 in Axes
  7233 | D:7      | Reached XP level 10. HP: 58/59 MP: 12/14
  7368 | D:7      | Noticed Joseph
  7369 | D:7      | 7369 ||| Stepping ~*~*~tactically~*~*~ (hiding).
  7379 | D:7      | 7379 ||| INVOKING Heroism.
  7387 | D:7      | Killed Joseph
  7388 | D:7      | Reached skill level 6 in Fighting
  7388 | D:7      | 7388 ||| Stepping ~*~*~tactically~*~*~ (hiding).
  7402 | D:7      | 7402 ||| Stepping ~*~*~tactically~*~*~ (stealth).
  7403 | D:7      | 7403 ||| INVOKING Heroism.
  7409 | D:7      | HP: 15/60 [gnoll bouda/+0 whip (4)]
  7410 | D:7      | 7410 ||| READING 2 scrolls of teleportation.
  7411 | D:7      | 7411 ||| DRINKING potion of heal wounds.
  7418 | D:7      | 7418 ||| FLEEEEING.
  7419 | D:7      | 7419 ||| STAIRDANCE
  7626 | D:6      | 7626 ||| DRINKING 2 sapphire potions.
  7627 | D:6      | 7627 ||| READING 2 scrolls of identify.
  7627 | D:6      | 7627 ||| IDENTIFYING silvery potion
  7628 | D:6      | 7628 ||| DROPPING potion of brilliance.
  7629 | D:6      | 7629 ||| DROPPING potion of attraction.
  7707 | D:7      | 7707 ||| Stepping ~*~*~tactically~*~*~ (hiding).
  7708 | D:7      | 7708 ||| Stepping ~*~*~tactically~*~*~ (hiding).
  7904 | D:7      | Found Boemycei's General Store.
  7914 | D:7      | 7914 ||| INVOKING Heroism.
  8039 | D:7      | 8039 ||| BUYING potion of curing (33 gold).
  8039 | D:7      | Bought a potion of curing for 33 gold pieces
  8079 | D:7      | 8079 ||| DROPPING scarf of harm.
  8080 | D:7      | 8080 ||| UPGRADING to +3 ring mail of poison resistance.
  8090 | D:7      | 8090 ||| DROPPING ring of willpower.
  8100 | D:8      | 8100 ||| SWAPPING to +0 broad axe of venom.
  8101 | D:8      | 8101 ||| DROPPING +2 vorpal war axe.
  8561 | D:8      | 8561 ||| INVOKING Heroism.
  8576 | D:8      | Found a runed translucent door.
  8577 | D:8      | Found a shimmering altar of Xom.
  8577 | D:8      | Noticed qw's ghost (novice TeWr)
  8578 | D:8      | Noticed a +1 trident of chaos
  8593 | D:8      | 8593 ||| INVOKING Heroism.
  8668 | D:8      | 8668 ||| Stepping ~*~*~tactically~*~*~ (hiding).
  8779 | D:8      | 8779 ||| UPGRADING to +0 pair of gloves.
  8784 | D:8      | 8784 ||| UPGRADING to +0 buckler.
  8789 | D:8      | 8789 ||| READING 2 scrolls of identify.
  8789 | D:8      | 8789 ||| IDENTIFYING gluggy clear potion
  8797 | D:9      | 8797 ||| Stepping ~*~*~tactically~*~*~ (hiding).
  8937 | D:9      | 8937 ||| INVOKING Heroism.
  8944 | D:9      | Reached skill level 1 in Shields
  8966 | D:9      | 8966 ||| Stepping ~*~*~tactically~*~*~ (hiding).
  8971 | D:9      | 8971 ||| INVOKING Heroism.
  8979 | D:9      | Reached skill level 3 in Shields
  8991 | D:9      | 8991 ||| Stepping ~*~*~tactically~*~*~ (stealth).
  9019 | D:9      | 9019 ||| Stepping ~*~*~tactically~*~*~ (stealth).
  9026 | D:9      | 9026 ||| INVOKING Heroism.
  9026 | D:9      | Noticed an elephant
  9044 | D:9      | Killed an elephant
  9044 | D:9      | Reached **** piety under Okawaru
  9195 | D:9      | 9195 ||| Stepping ~*~*~tactically~*~*~ (stealth).
  9197 | D:9      | 9197 ||| Stepping ~*~*~tactically~*~*~ (hiding).
  9206 | D:9      | 9206 ||| Stepping ~*~*~tactically~*~*~ (stealth).
  9334 | D:9      | 9334 ||| Stepping ~*~*~tactically~*~*~ (hiding).
  9339 | D:9      | 9339 ||| DRINKING potion of cancellation.
  9409 | D:9      | Found a staircase to the Lair.
  9552 | D:9      | 9552 ||| Stepping ~*~*~tactically~*~*~ (hiding).
  9562 | D:9      | 9562 ||| INVOKING Heroism.
  9566 | D:9      | Reached skill level 13 in Axes
  9642 | D:9      | 9642 ||| Stepping ~*~*~tactically~*~*~ (stealth).
  9674 | D:9      | 9674 ||| Stepping ~*~*~tactically~*~*~ (stealth).
  9675 | D:9      | 9675 ||| Stepping ~*~*~tactically~*~*~ (stealth).
  9677 | D:9      | 9677 ||| Stepping ~*~*~tactically~*~*~ (stealth).
  9693 | D:9      | Received a gift from Okawaru
  9822 | D:9      | 9822 ||| PLANNING LAIR
  9822 | D:9      | 9822 ||| UPGRADING to +0 cloak.
  9827 | D:9      | 9827 ||| DROPPING +6 ring of dexterity.
  9828 | D:9      | 9828 ||| READING scroll labelled BEISMU PEROPLO.
  9829 | D:9      | 9829 ||| READING scroll labelled WAUHYO HECEV.
  9830 | D:9      | 9830 ||| READING 2 scrolls of identify.
  9830 | D:9      | 9830 ||| IDENTIFYING smoky clear potion
  9885 | Lair:1   | Entered Level 1 of the Lair of Beasts
  9885 | Lair:1   | Noticed a black mamba
  9886 | Lair:1   | 9886 ||| INVOKING Heroism.
  9893 | Lair:1   | Killed a black mamba
  9925 | Lair:1   | 9925 ||| INVOKING Heroism.
  9927 | Lair:1   | Noticed a cane toad
  9940 | Lair:1   | Killed a cane toad
  9941 | Lair:1   | Reached XP level 11. HP: 38/64 MP: 13/15
 10129 | Lair:1   | 10129 ||| INVOKING Heroism.
 10264 | Lair:1   | 10264 ||| INVOKING Heroism.
 10532 | Lair:1   | 10532 ||| READING scroll of brand weapon.
 10532 | Lair:1   | 10532 ||| BRANDING +0 broad axe of venom.
 10550 | Lair:1   | Noticed a five-headed hydra
 10551 | Lair:1   | 10551 ||| INVOKING Heroism.
 10552 | Lair:1   | 10552 ||| SWAPPING to +0 hand axe of flaming.
 10559 | Lair:1   | Killed a one-headed hydra
 10560 | Lair:1   | Reached skill level 6 in Dodging
 10560 | Lair:1   | Reached skill level 6 in Invocations
 10560 | Lair:1   | 10560 ||| SWAPPING to +0 broad axe of protection.
 10673 | Lair:1   | You are sucked into a shaft and drop 1 floor!
 10689 | Lair:2   | 10689 ||| DROPPING ring of ice.
 10690 | Lair:2   | 10690 ||| READING scroll labelled HOUZIT ILUSM.
 10844 | Lair:2   | 10844 ||| READING scroll labelled TYMOUN BALEC.
 10945 | Lair:2   | 10945 ||| READING scroll labelled CEDGHI LOAGH.
 11013 | Lair:1   | 11013 ||| INVOKING Heroism.
 11048 | Lair:1   | Reached ***** piety under Okawaru
 11049 | Lair:1   | 11049 ||| INVOKING Heroism.
 11179 | Lair:1   | 11179 ||| INVOKING Heroism.
 11210 | Lair:1   | 11210 ||| INVOKING Heroism.
 11254 | Lair:1   | 11254 ||| Stepping ~*~*~tactically~*~*~ (stealth).
 11279 | Lair:1   | 11279 ||| Stepping ~*~*~tactically~*~*~ (stealth).
 11280 | Lair:1   | 11280 ||| Stepping ~*~*~tactically~*~*~ (stealth).
 11281 | Lair:1   | 11281 ||| INVOKING Heroism.
 11592 | Lair:1   | 11592 ||| INVOKING Heroism.
 11739 | Lair:1   | 11739 ||| UPGRADING to +0 plate armour.
 11749 | Lair:1   | 11749 ||| DROPPING +0 chain mail.
 11750 | Lair:1   | 11750 ||| DROPPING +3 ring mail of poison resistance.
 11751 | Lair:1   | 11751 ||| READING 2 scrolls of identify.
 11751 | Lair:1   | 11751 ||| IDENTIFYING fuming orange potion
 11773 | Lair:2   | Found a runed translucent gate.
 11774 | Lair:2   | Found a runed translucent gate.
 11774 | Lair:2   | Found a runed translucent gate.
 11779 | Lair:2   | Noticed qw's ghost (journeyman TeWr)
 11929 | Lair:2   | Noticed Fannar
 11930 | Lair:2   | 11930 ||| Stepping ~*~*~tactically~*~*~ (hiding).
 11931 | Lair:2   | 11931 ||| Stepping ~*~*~tactically~*~*~ (hiding).
 11932 | Lair:2   | 11932 ||| Stepping ~*~*~tactically~*~*~ (hiding).
 11956 | Lair:2   | 11956 ||| INVOKING Heroism.
 11958 | Lair:2   | Killed Fannar
 12240 | Lair:2   | 12240 ||| INVOKING Heroism.
 12241 | Lair:2   | Found a staircase to the Swamp.
 12247 | Lair:2   | HP: 15/64 [electric eel/bolt of electricity (4)]
 12248 | Lair:2   | 12248 ||| READING 2 scrolls of teleportation.
 12249 | Lair:2   | 12249 ||| DRINKING potion of heal wounds.
 12472 | Lair:2   | 12472 ||| INVOKING Heroism.
 12651 | Lair:2   | 12651 ||| INVOKING Heroism.
 12656 | Lair:2   | HP: 16/64 [electric eel/bolt of electricity (10)]
 12657 | Lair:2   | 12657 ||| READING scroll of teleportation.
 12659 | Lair:2   | HP: 6/64 [electric eel/bolt of electricity (11)]
 12661 | Lair:2   | HP: 1/64 [electric eel/bolt of electricity (5)]
 12661 | Lair:2   | Killed from afar by an electric eel

Levels and vault maps discovered:
D:1:      saegor_arrival_miasma, layout_basic,
          hellmonk_ecumenical_altar_prayer_group, kennysheep_boxes
D:2:      layout_basic, serial_shops, shop_fountains,
          minmay_misc_feat_four_crosses
D:3:      minmay_bubble_buster, layout_basic
D:4:      layout_loops_ring, temple_hall
D:5:      layout_loops_ring, ashenzari_conservatory_becter, bh_walls_and_bars,
          uniq_prince_ribbit1, uniq_grinder, uniq_pikel
D:6:      layout_cave_pools, grunt_tough_drop, uniq_crazy_yiuf_cottage,
          uniq_maggie, uniq_duvessa, uniq_blork_the_orc
D:7:      layout_basic, serial_shops, shop, uniq_joseph
D:8:      layout_loops_cross, ebering_ghost_xom
D:9:      layout_loops_cross, david_lair_generic, worms_lemuel
Temple:   mainiacjoe_temple_trianglar_array
Lair:1:   layout_roguey [special_room_bee], serial_bayou_shore_a
Lair:2:   layout_chaotic_city, minmay_swamp_entry_eels,
          nicolae_volcano_entry_s_turn, gammafunk_ghost_necromancy, uniq_fannar

Skill      XL: |  1  2  3  4  5  6  7  8  9 10 11 |
---------------+----------------------------------+-----
Axes           | 3 4 5 6 7 9 12 13 | 13.6
Fighting       | 3 4 5 6 |  6.3
Armour         | 2 3 4 5 |  5.2
Invocations    | 3 4 5 7 |  7.6
Dodging        | 4 5 6 |  6.3
Shields        | 4 |  4.2
Throwing       | 2 |  2.0
Spellcasting   | |  2.0
Translocations | |  2.4

Action                   |  1- 3 |  4- 6 |  7- 9 | 10-12 || total
-------------------------+-------+-------+-------+-------++-------
Melee: Hand axe          |    87 |   114 |       |     6 ||   207
       Kick              |    32 |    45 |    65 |    99 ||   241
       Peck              |    12 |    20 |    49 |    64 ||   145
       War axe           |       |    42 |   229 |    49 ||   320
       Punch             |       |       |     3 |     2 ||     5
       Broad axe         |       |       |       |   267 ||   267
Throw: Boomerang         |     7 |       |    26 |    34 ||    67
Invok: Heroism           |       |       |    14 |    24 ||    38
  Use: Scroll            |     4 |     7 |     5 |    13 ||    29
       Potion            |       |       |       |     4 ||     4
Armor: Leather armour    |    20 |     6 |       |       ||    26
       Ring mail         |       |    31 |       |    65 ||    96
       Scale mail        |       |    12 |       |       ||    12
       Chain mail        |       |     1 |    96 |    17 ||   114
       Plate armour      |       |       |       |    17 ||    17
Dodge: Dodged            |    39 |    80 |   109 |   213 ||   441
Block: Buckler           |       |       |       |    72 ||    72

Table legend:
 A = Non-vault XP
 B = Vault XP
 C = Vault XP percentage of total XP
 D = Non-vault monster count
 E = Vault monster count
 F = Vault count percentage of total count
                 A         B        C        D         E       F
            +---------+---------+-------+---------+---------+-------
      Total |    9724 |    6534 |  40.2 |     226 |      57 |  20.1
            +---------+---------+-------+---------+---------+-------
        D:1 |      38 |       2 |   5.0 |      22 |       1 |   4.3
        D:2 |      81 |       0 |   0.0 |      27 |       0 |   0.0
        D:3 |     171 |      97 |  36.2 |      22 |      12 |  35.3
        D:4 |     293 |       0 |   0.0 |      26 |       0 |   0.0
        D:5 |     598 |    1182 |  66.4 |      22 |       3 |  12.0
        D:6 |     702 |     928 |  56.9 |      26 |       8 |  23.5
        D:7 |     954 |     439 |  31.5 |      27 |       1 |   3.6
        D:8 |     386 |       0 |   0.0 |      11 |       0 |   0.0
        D:9 |    1257 |    1218 |  49.2 |      22 |       5 |  18.5
     Lair:1 |    4606 |    1695 |  26.9 |      18 |      24 |  57.1
     Lair:2 |     638 |     973 |  60.4 |       3 |       3 |  50.0
            +---------+---------+-------+---------+---------+-------
